 Dungeon Crawl Stone Soup version 0.23.2 (webtiles) character file.

Game seed: 14629843639226292831

140 TheDeThijs the Cudgeler (level 5, 0/45 HPs)
             Began as a Minotaur Berserker on Apr 9, 2019.
             Was a Follower of Trog.
             Slain by a goblin
             ... wielding a +0 club
              (2 damage)
             ... on level 2 of the Dungeon.
             The game lasted 00:07:41 (713 turns).

TheDeThijs the Cudgeler (Minotaur Berserker)         Turns: 713, Time: 00:07:42

Health: 0/45       AC:  2    Str: 22    XL:     5   Next: 2%
Magic:  4/4        EV: 12    Int:  4    God:    Trog [*.....]
Gold:   0          SH:  0    Dex: 10    Spells: 4/4 levels left

rFire    . . .     SeeInvis .   a - +0 mace
rCold    . . .     Gourm    .   (no shield)
rNeg     . . .     Faith    .   b - +0 animal skin
rPois    .         Spirit   .   (helmet restricted)
rElec    .         Reflect  .   (no cloak)
rCorr    .         Harm     .   (no gloves)
MR       .....                  (no boots)
Stlth    +.........             (no amulet)
HPRegen  0.15/turn              (no ring)
MPRegen  0.09/turn              (no ring)

@: berserk cooldown
A: retaliatory headbutt, horns 2
a: Berserk, Renounce Religion


You were on level 2 of the Dungeon.
You worshipped Trog.
Trog was aware of your devotion.
You were not hungry.

You visited 1 branch of the dungeon, and saw 2 of its levels.

Inventory:

Hand Weapons
 a - a +0 mace (weapon)
Missiles
 d - 15 stones (quivered)
 g - 2 tomahawks
Armour
 b - a +0 animal skin (worn)
Scrolls
 e - a scroll of blinking {unknown}
 i - 2 scrolls of identify {unknown}
 j - 2 scrolls of enchant weapon {unknown}
Potions
 k - a potion of haste {unknown}
Comestibles
 c - a ration


   Skills:
 - Level 3.6 Fighting
 + Level 5.6 Maces & Flails
 + Level 1.8 Throwing
 - Level 3.0 Armour
 - Level 3.0 Dodging


You had 4 spell levels left.
You didn't know any spells.
Your spell library was empty.

Dungeon Overview and Level Annotations

Branches:
Dungeon (2/15)

Altars:


Innate Abilities, Weirdness & Mutations

You reflexively headbutt those who attack you in melee.
You have a pair of horns on your head.


Message History

The goblin hits you but does no damage.
You hit the goblin but do no damage. The gnoll hits you but does no damage.
The goblin hits you but does no damage. The gnoll hits you but does no damage.
You completely miss the goblin. The goblin hits you but does no damage.
The gnoll hits you from afar with a +0 spear.
* * * LOW HITPOINT WARNING * * *
The goblin hits you but does no damage.
You closely miss the goblin.
You feel yourself speed up. The gnoll completely misses you.
The goblin hits you but does no damage. The gnoll hits you but does no damage.
You closely miss the goblin.
You feel less wooden.
Your +0 animal skin unmelds from your body.
The goblin hits you with a +0 club.
* * * LOW HITPOINT WARNING * * *
The gnoll closely misses you.
It was a potion of magic.
Magic courses through your body. The goblin hits you with a +0 club.
You die...

..... ....$ .# .....#
##.... .### ......# ###..#
.##... .......##...# ...#
%...........#####..#
##........#........#
#.###.......)##......
#.####)...##<##......
#()(@)>..###..#......
.....(.gg......##..#......
....(..####.....#.........
..........................
....#..######.....###..#..
..#.... ##.#....... .
..#.. ....... .. .#...#
....... ....#..


You could see a gnoll and a goblin.

Vanquished Creatures
  An ogre (D:2)
  3 gnolls (D:2)
  2 oozes (D:2)
  3 bats (D:1)
  4 goblins (D:1)
  3 hobgoblins (D:1)
  2 jackals (D:2)
  A quokka (D:2)
  A frilled lizard (D:1)
  2 kobolds
  5 rats (D:1)
27 creatures vanquished.

Notes
Turn   | Place    | Note
-------+----------+-------------------------------------------
     0 | D:1      | TheDeThijs the Minotaur Berserker began the quest for the
                  | Orb.
     0 | D:1      | Reached XP level 1. HP: 19/19 MP: 0/0
   170 | D:1      | Reached skill level 4 in Maces & Flails
   227 | D:1      | Reached XP level 2. HP: 26/26 MP: 1/1
   641 | D:2      | Noticed an ogre
   652 | D:2      | Killed an ogre
   652 | D:2      | Reached skill level 5 in Maces & Flails
   652 | D:2      | Reached skill level 1 in Throwing
   652 | D:2      | Reached XP level 3. HP: 29/31 MP: 2/2
   652 | D:2      | Reached XP level 4. HP: 36/39 MP: 3/3
   698 | D:2      | Reached XP level 5. HP: 13/45 MP: 4/4
   712 | D:2      | HP: 1/45 [goblin/+0 club (3)]
   713 | D:2      | Slain by a goblin

Skill      XL: |  1  2 |
---------------+-------+-----
Maces & Flails | 4 5 |  5.6
Throwing       | 1 |  1.8
Armour         | 3 |  3.0
Dodging        | 3 |  3.0
Fighting       | |  3.6

Action                   |  1- 3 |  4- 6 || total
-------------------------+-------+-------++-------
Melee: Mace              |    25 |    28 ||    53
       Headbutt          |     2 |     1 ||     3
Throw: Stone             |    25 |     5 ||    30
Invok: Berserk           |       |     1 ||     1
  Use: Potion            |       |     2 ||     2
 Stab: Sleeping          |     1 |       ||     1
Armor: Animal skin       |     4 |     4 ||     8
       Skin              |       |    60 ||    60
Dodge: Dodged            |    18 |    21 ||    39
